 Dungeon Crawl Stone Soup version 0.31.0-10-gcf4a605ca0 (webtiles) character file.

Game seed: 2297824960930067346

58 freelancePsychic the Conjurer (level 3, -2/27 HPs)
             Began as a Demonspawn Conjurer on Jan 25, 2024.
             Killed by divine providence
             ... invoked by an orc priest
              (12 damage)
             ... on level 5 of the Dungeon.
             The game lasted 00:04:28 (1634 turns).

freelancePsychic the Conjurer (Demonspawn Conjurer) Turns: 1634, Time: 00:04:28

Health: -2/27      AC:  4    Str:  7    XL:     3   Next: 75%
Magic:  4/7        EV: 11    Int: 20    God:
Gold:   76         SH:  4    Dex: 11    Spells: 4/7 levels left

rFire   . . .        (no weapon)
rCold   . . .        (no shield)
rNeg    . . .        g - +0 leather armour
rPois   +            (no helmet)
rElec   .            k - +0 cloak
rCorr   .            (no gloves)
SInv    .            (no boots)
Will    .....        (no amulet)
Stlth   +            c - ring of poison resistance
HPRegen 0.24/turn    (no ring)
MPRegen 0.10/turn

%: no passive effects
@: no status effects
A: large bone plates 1, demonic guardian 1
a: no special abilities


You were on level 5 of the Dungeon.
You visited 1 branch of the dungeon, and saw 5 of its levels.

You collected 76 gold pieces.

Inventory:

Armour
 a - a +0 robe
 g - a +0 leather armour (worn)
 k - a +0 cloak (worn)
Jewellery
 c - a ring of poison resistance (left hand)
 n - a ring of flight
Scrolls
 b - a scroll of fear
 h - a scroll of acquirement {unknown}
 i - a scroll of enchant weapon
 l - a scroll of blinking {unknown}
 o - a scroll of teleportation {unknown}
 p - 3 scrolls of revelation {unknown}
 q - a scroll of torment {unknown}
Potions
 d - a potion of brilliance {unknown}
 e - a potion of curing {unknown}
 f - a potion of enlightenment {unknown}
 j - 2 potions of magic
 m - a potion of mutation {unknown}


   Skills:
 + Level 1.9 Fighting
 - Level 1.7 Dodging
 - Level 1.7 Stealth
 + Level 2.6 Spellcasting
 + Level 4.5 Conjurations


You had 4 spell levels left.
You knew the following spells:

 Your Spells              Type           Power      Damage    Failure   Level
a - Magic Dart            Conj           80%        1d7       3%          1
b - Searing Ray           Conj           40%        2d5       5%          2

Your spell library contained the following spells:

 Spells                   Type           Power      Damage    Failure   Level
 Call Imp                 Summ           4%         N/A       32%         2
 Sublimation of Blood     Necr           2%         N/A       32%         2
 Fulminant Prism          Conj/Alch      5%         3d6       65%         4
 Iskenderun's Mystic Bla  Conj/Tloc      11%        2d4       65%         4
 Summon Hydra             Summ           1%         N/A       100%        7


Dungeon Overview and Level Annotations

Branches:
Dungeon (5/15)
 Temple: D:4-7

Altars:
Trog
Uskayaw

Annotations:
D:3 1 runed translucent door


Innate Abilities, Weirdness & Mutations

You are partially covered in large bone plates. (SH +4)
A weak demonic guardian rushes to your aid.


Message History

Found a hide-covered altar of Uskayaw.
Found a giant cockroach corpse and a scorpion corpse.
Found four items.
Found a goblin corpse.
Your iron imp disappears in a puff of smoke!
You see here a scorpion corpse.
You pick up a book of Blood and begin reading...
You add the spells Call Imp, Sublimation of Blood and Summon Hydra to your library.
q - a scroll labelled NICVA GOA
There is a hide-covered altar of Uskayaw here.
Found a stone staircase leading down.
Found a stone staircase leading down.
There is a stone staircase leading down here.
You climb downwards.
The orc priest shouts!
There is a stone staircase leading up here.
There are monsters nearby!
An orc comes into view. It is wielding a +0 hand axe.
An iguana comes into view.
The orc shouts!
The orc priest invokes the aid of Beogh against you.
Beogh smites you!
Ouch! That really hurt!
A demonic guardian appears!
Casting: Searing Ray (safe; 5% risk of failure)
Confirm with . or Enter, or press ? or * to list all spells.
Aiming: Searing Ray (safe; 5% risk of failure)
Press: ? - help, Shift-Dir - straight line, f - orc priest
Aim: an orc priest, wielding a +0 club and wearing a +0 scale mail (ally target, 81% to hit)
The searing ray hits the orc priest but does no damage. (Press . to maintain the ray.)
Your ufetubus hits the orc priest but does no damage. x3
Your ufetubus closely misses the orc priest.
The searing ray hits the orc priest but does no damage.
Your ufetubus slips past the orc priest!
Your ufetubus hits the orc priest but does no damage.
Your ufetubus hits the orc priest.
The orc priest calls down the wrath of Beogh upon you.
Beogh smites you!
You die...

### #.#
##.##
#...#
#.@.#
........##
........#
......o5.
....l....
....#oo#..
......# ..
...... #..


You could see an iguana, an orc priest (ally target), 2 orcs and a friendly
ufetubus (summoned).

Vanquished Creatures
  An adder (D:2)
  5 orcs
  7 ball pythons
  2 endoplasms
  3 giant cockroaches
  3 goblins
  2 hobgoblins
  6 kobolds
  2 quokkas
  4 bats
  2 frilled lizards (D:1)
37 creatures vanquished.

Vanquished Creatures (collateral kills)
  A goblin (D:4)
1 creature vanquished.

Grand Total: 38 creatures vanquished

Notes
Turn   | Place    | Note
-------+----------+-------------------------------------------
     0 | D:1      | freelancePsychic the Demonspawn Conjurer began the quest
                  | for the Orb.
     0 | D:1      | Reached XP level 1. HP: 13/13 MP: 3/3
   295 | D:1      | Gained mutation: You are partially covered in large bone
                  | plates. (SH +4) [demonic ancestry]
   295 | D:1      | Reached XP level 2. HP: 20/20 MP: 0/5
   298 | D:1      | Learned a level 2 spell: Searing Ray
   411 | D:1      | Reached skill level 1 in Fighting
   780 | D:2      | Found a faded altar of an unknown god.
  1068 | D:3      | Gained mutation: A weak demonic guardian rushes to your
                  | aid. [demonic ancestry]
  1068 | D:3      | Reached XP level 3. HP: 26/26 MP: 2/6
  1071 | D:3      | Identified the +0 ring mail of Xeys {+Blink}
  1269 | D:3      | Found a runed translucent door.
  1430 | D:4      | Noticed a scorpion
  1487 | D:4      | Found a bloodstained altar of Trog.
  1548 | D:4      | Identified the +0 scale mail "Qeruq" {Str+3}
  1578 | D:4      | Found a hide-covered altar of Uskayaw.
  1628 | D:5      | Entered Level 5 of the Dungeon
  1634 | D:5      | Killed from afar by an orc priest

Illustrated notes

Levels and vault maps discovered:
D:1:      shiori_arrival_oz, layout_loops_ring
D:2:      layout_loops_corners, dreamdust_ecumenical_altar_statues,
          minmay_liquid_box
D:3:      layout_rooms, ebering_ghost_reflecting_pool
D:4:      old_forge, layout_rooms, nicolae_uskayaw_murder_on_the_dancefloor,
          mainiacjoe_overflow_boulevard, minmay_close_crescents
D:5:      layout_cave_pools, temple_doors_e

Skill      XL: |  1  2 |
---------------+-------+-----
Fighting       | 1 |  1.9
Dodging        | |  1.7
Stealth        | |  1.7
Spellcasting   | |  2.6
Conjurations   | |  4.5

Action                     || total
---------------------------++-------
  Melee: Unarmed           ||    34
   Cast: Magic Dart        ||    17
         Searing Ray       ||    24
    Use: Potion            ||     1
         Scroll            ||     2
 Armour: Robe              ||     6
         Leather armour    ||    14
  Dodge: Dodged            ||    19
  Block: Other             ||     6
